 Dungeon Crawl Stone Soup version 0.21.1-1-g345015fe64 (webtiles) character file.

33595 Kohma the Severer (level 13, -25/117 HPs)
             Began as a Minotaur Berserker on June 20, 2018.
             Was a High Priest of Trog.
             Annihilated by a titanic slime creature (61 damage)
             ... on level 14 of the Dungeon.
             The game lasted 00:42:05 (17809 turns).

Kohma the Severer (Minotaur Berserker)             Turns: 17809, Time: 00:42:05

Health: -25/117    AC: 22    Str: 27    XL:     13   Next: 37%
Magic:  12/12      EV: 18    Int:  4    God:    Trog [*****.]
Gold:   937        SH:  0    Dex: 18    Spells: 12/12 levels left

rFire    . . .     SeeInvis +   u - +4 executioner's axe (vamp)
rCold    + . .     Gourm    .   (shield currently unavailable)
rNeg     . . .     Faith    .   e - +2 scale mail {rC+}
rPois    +         Spirit   .   w - +2 hat {SInv}
rElec    .         Reflect  .   l - +2 cloak {MR+}
rCorr    .         Harm     .   L - +1 pair of gloves {Dex+3}
MR       +....                  g - +0 pair of boots of Birdsong {rPois Str+5}
Stlth    ..........             (no amulet)
HPRegen  0.29/turn              (no ring)
MPRegen  0.13/turn              (no ring)

@: no status effects
A: retaliatory headbutt, horns 2
a: Berserk, Trog's Hand, Brothers in Arms, Burn Spellbooks, Renounce Religion


You were on level 14 of the Dungeon.
You worshipped Trog.
Trog was extremely pleased with you.
You were not hungry.

You visited 2 branches of the dungeon, and saw 15 of its levels.
You also visited: Ossuary.

You collected 1060 gold pieces.
You spent 123 gold pieces at shops.

Inventory:

Hand Weapons
 u - a +4 vampiric executioner's axe (weapon)
 y - the +12 glaive of Prune {chop}
   (You took it off a big kobold on level 10 of the Dungeon)

   It inflicts extra damage upon your enemies.
 E - a +2 shortbow of flaming
 F - a +6 hand axe of chopping
 H - a +4 antimagic battleaxe
 I - the +8 fustibalus of Soklu {flame, rF+ Int+3 Dex+4 Stlth+}
   (You found it on level 13 of the Dungeon)

   It causes projectiles fired from it to burn those they strike, causing extra
   injury to most foes and up to half again as much damage against particularly
   susceptible opponents.
   It affects your intelligence (+3).
   It affects your dexterity (+4).
   It protects you from fire.
   It makes you more stealthy.
Missiles
 r - 11 bolts
 B - 4 poisoned javelins (quivered)
Armour
 e - a +2 scale mail of cold resistance (worn)
 g - the +0 pair of boots of Birdsong (worn) {rPois Str+5}
   (You found it on level 4 of the Dungeon)

   It affects your strength (+5).
   It protects you from poison.
 l - a +2 cloak of magic resistance (worn)
 w - a +2 hat of see invisible (worn)
 L - a +1 pair of gloves of dexterity (worn)
Wands
 d - a wand of enslavement (17)
 f - a wand of acid (13)
 h - a wand of clouds (3)
 i - a wand of disintegration (34)
 v - a wand of flame (54)
 z - a wand of random effects (47)
Scrolls
 b - 6 scrolls of teleportation
 k - a scroll of noise
 n - 2 scrolls of identify
 t - 2 scrolls of amnesia
 O - a scroll of fog
 Q - 2 scrolls of remove curse
Potions
 a - a potion of berserk rage
 j - a potion of haste
 m - 3 potions of cancellation
 o - a potion of mutation
 p - 3 potions of flight
 q - 11 potions of curing
 s - 2 potions of heal wounds
 x - 2 potions of lignification
 A - 2 potions of brilliance {unknown}
 J - a potion of resistance
 N - 2 potions of might
Miscellaneous
 D - a lightning rod (4/4)
 K - a phantom mirror
Comestibles
 c - 14 rations
 C - 9 chunks of flesh


   Skills:
 + Level 11.8 Fighting
 * Level 15.6 Axes
 * Level 15.3 Armour
 + Level 10.6 Dodging


You had 12 spell levels left.
You didn't know any spells.

Dungeon Overview and Level Annotations

Branches:
Dungeon (14/15)            Temple (1/1) D:7            Lair (0/6) D:9
    Orc (0/2) D:12
 Vaults: D:13-14

Altars:
Fedhas
Gozag
Hepliaklqana
Kikubaaqudgha
Okawaru
Ru
Sif Muna
Trog
Wu Jian
Yredelemnul

Shops:
D:7 !   D:9 ?


Innate Abilities, Weirdness & Mutations

You reflexively headbutt those who attack you in melee.
You have a pair of horns on your head.


Message History

You headbutt the titanic slime creature!
The titanic slime creature is heavily wounded.
The titanic slime creature misses you. You furiously retaliate!
You headbutt the titanic slime creature.
You slice the titanic slime creature!!
The titanic slime creature is heavily wounded.
You hear a shout!
The titanic slime creature hits you!!!
Two slime creatures merge to form a large slime creature.
You slice the titanic slime creature!!
You feel better.
You headbutt the titanic slime creature.
The titanic slime creature is severely wounded.
The titanic slime creature hits you!!!
A centaur comes into view.
You hit the titanic slime creature but do no damage.
The titanic slime creature is severely wounded.
The titanic slime creature barely misses you.
The titanic slime creature hits you!!!
Ouch! That really hurt!
You die... ##<...# ### .....## ..# ...... ##.## ..... .# #...## ##c.. .# #....
JJJ

.# ... #J# .#### #.# #@#
....# #)# #.#
.##.###(########.#
.##.##.)))(%)....#####.#
.##.###.#####..........#
.......(# #.#.######.#
###..##.###...#...#
#.........#####.#
###.###.###...# .#


You could see a titanic slime creature, 2 large slime creatures, a slime
creature and a centaur.

Vanquished Creatures
  Gastronok (D:8)
  Snorg (D:12)
  A vault guard (D:14)
  2 hydras
  A centaur warrior (D:14)
  5 two-headed ogres
  Sonja (D:10)
  2 unseen horrors
  8 ugly things
  3 cyclopes
  A deep elf mage (D:11)
  A manticore (D:13)
  Joseph (D:10)
  A gargoyle (D:13)
  A freezing wraith (D:14)
  A kobold demonologist (D:13)
  A komodo dragon (D:11)
  4 trolls
  3 meliai (D:14)
  Prince Ribbit (D:9)
  Grinder (D:5)
  2 dream sheep (D:10)
  A hippogriff (D:9)
  The ghost of Rosaphim the Shield-Bearer, an amateur GrFi (D:4)
  2 slime creatures
  20 yaks
  2 shadows
  Eustachio (D:5)
  A fire bat (shapeshifter) (D:13)
  3 wyverns
  7 vampire mosquitoes (D:13)
  2 hungry ghosts
  2 water moccasins
  An orc warrior (D:12)
  4 ice beasts
  5 ogres
  5 sky beasts
  2 black bears
  5 phantoms
  18 centaurs
  A crocodile (D:13)
  8 bullfrogs
  12 big kobolds
  2 scorpions
  2 wyvern skeletons
  8 wights (D:11)
  A killer bee (D:11)
  4 howler monkeys
  2 vampire bats (D:6)
  9 jellies
  4 crimson imps
  A quasit (D:11)
  A human zombie (Ossuary)
  5 centaur zombies
  3 hounds
  Crazy Yiuf (D:4)
  5 centaur skeletons
  6 orc wizards
  A bullfrog skeleton (D:12)
  6 iguanas
  Terence (D:2)
  9 worker ants
  A hound skeleton (D:5)
  2 mummies (Ossuary)
  10 gnolls
  A howler monkey skeleton (D:4)
  11 adders
  2 shadow imps
  5 oozes
  5 worms
  4 leopard geckos
  25 orcs
  11 bats
  9 giant cockroaches
  3 gnoll zombies (Ossuary)
  7 goblins
  3 hobgoblins
  13 jackals
  22 kobolds
  8 quokkas
  9 frilled lizards
  2 goblin zombies
  5 hobgoblin zombies (Ossuary)
  A leopard gecko skeleton (D:5)
  3 orc zombies (Ossuary)
  A quokka skeleton (D:5)
  7 rats
  A rat zombie (D:4)
  6 fungi (D:9)
  6 plants (D:9)
400 creatures vanquished.

Vanquished Creatures (others)
  A fungus (D:5)
  8 toadstools (D:5)
9 creatures vanquished.

Grand Total: 409 creatures vanquished

Notes
Turn   | Place    | Note
-------+----------+-------------------------------------------
     0 | D:1      | Kohma the Minotaur Berserker began the quest for the Orb.
     0 | D:1      | Reached XP level 1. HP: 19/19 MP: 0/0
   318 | D:1      | Reached XP level 2. HP: 27/27 MP: 1/1
   570 | D:1      | Reached ** piety under Trog
   980 | D:2      | Reached XP level 3. HP: 28/33 MP: 2/2
  1017 | D:2      | Noticed Terence
  1023 | D:2      | Killed Terence
  1053 | D:2      | Reached XP level 4. HP: 36/40 MP: 3/3
  1834 | D:3      | Reached XP level 5. HP: 45/47 MP: 4/4
  1859 | D:3      | Found an iron altar of Okawaru.
  1951 | D:3      | Reached skill level 5 in Axes
  2806 | D:4      | Noticed a phantom
  2832 | D:4      | Killed a phantom
  2832 | D:4      | Reached XP level 6. HP: 44/55 MP: 5/5
  2926 | D:4      | Noticed Rosaphim's ghost (amateur GrFi)
  2927 | D:4      | Found a sand-covered staircase.
  2940 | Ossuary  | Entered an ossuary
  2974 | Ossuary  | Reached skill level 5 in Fighting
  2974 | Ossuary  | Reached skill level 5 in Armour
  2999 | Ossuary  | Reached *** piety under Trog
  3164 | D:4      | Killed Rosaphim's ghost
  3164 | D:4      | Reached XP level 7. HP: 21/61 MP: 6/6
  3554 | D:4      | Found a runed door.
  3558 | D:4      | Noticed Crazy Yiuf
  3565 | D:4      | Killed Crazy Yiuf
  3948 | D:4      | Got a pair of ancient boots
  3954 | D:4      | Identified the cursed +0 pair of boots of Birdsong {rPois Str+5} (You found it on level 4 of the Dungeon)
  4015 | D:5      | Entered Level 5 of the Dungeon
  4043 | D:5      | Reached XP level 8. HP: 60/70 MP: 7/7
  4177 | D:5      | Noticed a slime creature
  4196 | D:5      | Killed a slime creature
  4196 | D:5      | Reached skill level 5 in Dodging
  4760 | D:5      | Found a deep blue altar of Sif Muna.
  4760 | D:5      | Found an ornate altar of the Wu Jian Council.
  4762 | D:5      | Found a blossoming altar of Fedhas.
  5123 | D:5      | Found a sacrificial altar of Ru.
  5144 | D:5      | Noticed Eustachio
  5164 | D:5      | Killed Eustachio
  5172 | D:5      | Noticed Grinder
  5175 | D:5      | Reached **** piety under Trog
  5215 | D:5      | Paralysed by Grinder for 7 turns
  5224 | D:5      | Killed Grinder
  5224 | D:5      | Reached XP level 9. HP: 43/79 MP: 8/8
  5943 | D:6      | Noticed a two-headed ogre
  5956 | D:6      | Killed a two-headed ogre
  5970 | D:6      | Reached skill level 10 in Axes
  6249 | D:6      | Received a gift from Trog
  6308 | D:6      | Found the +4 Vampire's Tooth {vamp}
  6452 | D:6      | Reached skill level 10 in Armour
  6871 | D:7      | Found Efymaa's Distillery.
  6885 | D:7      | Found a staircase to the Ecumenical Temple.
  6891 | Temple   | Entered the Ecumenical Temple
  6964 | D:7      | Found an opulent altar of Gozag.
  7018 | D:7      | Found a hazy altar of Hepliaklqana.
  7097 | D:7      | Reached XP level 10. HP: 88/88 MP: 9/9
  7117 | D:7      | You fall through a shaft for 2 floors!
  7137 | D:9      | Reached ***** piety under Trog
  7963 | D:9      | Noticed Prince Ribbit
  7971 | D:9      | Killed Prince Ribbit
  8043 | D:9      | Found a staircase to the Lair.
  8342 | D:9      | Found Weopysm's Magic Scroll Shoppe.
  8350 | D:9      | Bought a scroll of blinking for 97 gold pieces
  8350 | D:9      | Bought a scroll of identify for 26 gold pieces
  8426 | D:9      | Identified 2 scrolls of acquirement
  8645 | D:8      | Noticed Gastronok
  9045 | D:8      | Killed Gastronok
  9045 | D:8      | Reached XP level 11. HP: 97/97 MP: 10/10
  9461 | D:7      | Found an ancient bone altar of Kikubaaqudgha.
  9461 | D:7      | Found a basalt altar of Yredelemnul.
  9463 | D:7      | Found a bloodstained altar of Trog.
  9581 | D:10     | Entered Level 10 of the Dungeon
  9615 | D:10     | Noticed Sonja
  9632 | D:10     | Killed Sonja
  9840 | D:10     | Noticed a three-headed hydra
  9845 | D:10     | Killed a four-headed hydra
 10005 | D:10     | Noticed Joseph
 10014 | D:10     | Killed Joseph
 10472 | D:11     | Noticed an unseen horror
 10477 | D:11     | Killed an unseen horror
 10494 | D:11     | Noticed a two-headed ogre
 10500 | D:11     | Reached skill level 10 in Fighting
 10503 | D:11     | Killed a two-headed ogre
 10575 | D:11     | Noticed a two-headed ogre
 10579 | D:11     | Killed a two-headed ogre
 10980 | D:11     | Received a gift from Trog
 10989 | D:11     | Noticed a two-headed ogre
 10993 | D:11     | Noticed a deep elf mage
 10998 | D:11     | Killed a two-headed ogre
 10998 | D:11     | Reached XP level 12. HP: 90/107 MP: 11/11
 11302 | D:12     | Noticed Snorg
 11313 | D:12     | Killed Snorg
 11525 | D:12     | Found a staircase to the Orcish Mines.
 11589 | D:12     | Noticed a six-headed hydra
 11597 | D:12     | Killed a ten-headed hydra
 13201 | D:13     | Got a bloodstained fustibalus
 13209 | D:13     | Identified the +8 fustibalus of Soklu {flame, rF+ Int+3 Dex+4 Stlth+} (You found it on level 13 of the Dungeon)
 16125 | D:13     | Noticed a two-headed ogre
 16133 | D:13     | Killed a two-headed ogre
 16472 | D:13     | Reached skill level 10 in Dodging
 16781 | D:13     | Received a gift from Trog
 16859 | D:13     | Reached skill level 15 in Axes
 16926 | D:13     | Reached XP level 13. HP: 106/116 MP: 12/12
 17553 | D:14     | Reached skill level 15 in Armour
 17809 | D:14     | Annihilated by a titanic slime creature

Skill      XL: |  1  2  3  4  5  6  7  8  9 10 11 12 13 |
---------------+----------------------------------------+-----
Axes           | 4 5 6 7 9 10 12 13 15 | 15.6
Fighting       | 4 5 7 8 9 10 11 | 11.8
Armour         | 3 4 5 6 8 10 11 13 14 15 | 15.3
Dodging        | 3 4 5 6 8 9 10 | 10.6

Action                   |  1- 3 |  4- 6 |  7- 9 | 10-12 | 13-15 || total
-------------------------+-------+-------+-------+-------+-------++-------
Melee: Hand axe          |    61 |   171 |   335 |   143 |       ||   710
       Headbutt          |     9 |    38 |    78 |   112 |    28 ||   265
       Executioner's axe |       |       |       |   290 |    95 ||   385
Invok: Trog's Hand       |       |       |     3 |     1 |       ||     4
       Burn Spellbooks   |       |       |       |     2 |       ||     2
       Berserk           |       |       |       |     1 |       ||     1
Evoke: Wand              |       |       |       |     1 |       ||     1
  Use: Scroll            |       |     9 |     8 |    22 |       ||    39
       Potion            |       |     1 |     2 |     1 |       ||     4
  Eat: Chunk             |       |     5 |     2 |    17 |       ||    24
       Ration            |       |     1 |     3 |     6 |     2 ||    12
Armor: Animal skin       |     5 |       |       |       |       ||     5
       Scale mail        |    22 |    64 |   126 |   204 |    67 ||   483
       Chain mail        |       |       |       |    16 |       ||    16
Dodge: Dodged            |    35 |    87 |   209 |   460 |    94 ||   885
